 Dungeon Crawl Stone Soup version 0.32-a0-42-ga30500b4d3 (webtiles) character file.

Game seed: 13313158554226367927

454 lunkers the Cudgeller (level 7, 0/70 HPs)
             Began as an Oni Berserker on Jan 31, 2024.
             Was a Believer of Trog.
             Slain by an orc wizard
             ... wielding a +0 dagger
              (3 damage)
             ... on level 3 of the Dungeon.
             The game lasted 00:03:53 (2336 turns).

lunkers the Cudgeller (Oni Berserker)               Turns: 2336, Time: 00:03:53

Health: 0/70       AC:  3    Str: 24    XL:     7   Next: 5%
Magic:  7/7        EV: 10    Int:  8    God:    Trog [**....]
Gold:   99         SH:  0    Dex:  8    Spells: 6/6 levels left

rFire   . . .        a - +0 giant club
rCold   . . .        (shield currently unavailable)
rNeg    . . .        b - +0 animal skin
rPois   .            (helmet restricted)
rElec   .            (no cloak)
rCorr   .            (gloves unavailable)
SInv    .            (boots unavailable)
Will    .....        (no amulet)
Stlth   +            (no ring)
HPRegen 0.31/turn    (no ring)
MPRegen 0.10/turn

%: no passive effects
@: brilliant, on berserk cooldown, slowed, very slow
A: large, unfitting armour, horns 1, tough skin 1, double potion healing,
drunken brawling
a: Renounce Religion, Berserk, Trog's Hand


You were on level 3 of the Dungeon.
You worshipped Trog.
Trog was pleased with you.
You visited 1 branch of the dungeon, and saw 3 of its levels.

You collected 99 gold pieces.

Inventory:

Hand Weapons
 a - a +0 giant club (weapon)
 k - a +0 mace
Missiles
 h - 4 boomerangs
 i - 8 stones (quivered)
Armour
 b - a +0 animal skin (worn)
Scrolls
 d - a scroll of acquirement {unknown}
 j - a scroll of fog {unknown}
 l - a scroll of blinking {unknown}
Potions
 c - a potion of brilliance
 e - a potion of magic {unknown}
 f - a potion of curing {unknown}
 g - a potion of haste {unknown}
 m - a potion of attraction {unknown}


   Skills:
 + Level 4.2 Fighting
 * Level 7.6 Maces & Flails
 - Level 2.6 Dodging


You had 6 spell levels left.
You didn't know any spells.
Your spell library was empty.

Dungeon Overview and Level Annotations

Branches:
Dungeon (3/15)

Altars:
Qazlal


Innate Abilities, Weirdness & Mutations

You are too large for most types of armour.
You have a pair of small horns on your head.
You have tough skin. (AC +1)
You gain doubled healing and magic from potions.
Whenever you drink a healing potion, you attack all around you.


Message History

You completely miss something.
Something hits you but does no damage. x2
Unknown command.
Unknown command.
Okay, then.
You're too confused to attack without stumbling around!
You're too confused to attack without stumbling around!
You're too confused to attack without stumbling around!
You're too confused to attack without stumbling around!
You're too confused to attack without stumbling around!
You're too confused to move!
Something hits you.
* * * LOW HITPOINT WARNING * * *
Unknown command.
You miss something.
Something hits you but does no damage. x2
You miss something. Your headbutt misses something.
You feel less confused. Something hits you.
* * * LOW HITPOINT WARNING * * *
Something hits you.
* * * LOW HITPOINT WARNING * * *
You barely miss something. Something hits you.
* * * LOW HITPOINT WARNING * * *
You hear some strange, mumbled words.
A magic dart appears from out of thin air!
The magic dart hits you!
* * * LOW HITPOINT WARNING * * *
You barely miss something. Your headbutt misses something.
An orc wizard appears from thin air!
Reactivating autopickup.
The orc wizard points at you and mumbles some strange words.
The puff of flame hits you!
* * * LOW HITPOINT WARNING * * *
The orc wizard closely misses you.
Unknown command.
It was a potion of brilliance.
You feel clever all of a sudden.
The orc wizard hits you with a +0 dagger.
* * * LOW HITPOINT WARNING * * *
You barely miss the orc wizard. The orc wizard completely misses you.
The orc wizard hits you with a +0 dagger.
You die...

#....## ...## ...>..
...... ....## ......
####...##......
#.......[......
#.......)......
#......)..[....
#...$)......###
#..@o........#
####.###.....# #.#
.....# #.# .....# #.#
......# #.#####....#
###########...[.....%
#..................
#..................


You could see an orc wizard.

Vanquished Creatures
  Sigmund (D:3)
  A black bear (D:3)
  An ogre (D:3)
  2 orc wizards (D:3)
  An adder (D:2)
  3 dart slugs
  5 orcs (D:3)
  5 ball pythons
  5 endoplasms
  A giant cockroach (D:3)
  9 goblins
  3 hobgoblins
  5 jackals
  4 quokkas
  5 bats
  2 frilled lizards
  2 kobolds
  4 rats (D:1)
59 creatures vanquished.

Notes
Turn   | Place    | Note
-------+----------+-------------------------------------------
     0 | D:1      | lunkers the Oni Berserker began the quest for the Orb.
     0 | D:1      | Reached XP level 1. HP: 24/24 MP: 1/1
   145 | D:1      | Reached XP level 2. HP: 26/32 MP: 2/2
   274 | D:1      | Found a faded altar of an unknown god.
   599 | D:1      | Reached skill level 4 in Maces & Flails
   902 | D:2      | Reached XP level 3. HP: 35/39 MP: 3/3
   976 | D:2      | Found a stormy altar of Qazlal.
  1014 | D:2      | Reached ** piety under Trog
  1696 | D:3      | Reached XP level 4. HP: 46/48 MP: 4/4
  1717 | D:3      | Noticed an ogre
  1726 | D:3      | Killed an ogre
  1727 | D:3      | Reached skill level 5 in Maces & Flails
  1727 | D:3      | Reached XP level 5. HP: 54/54 MP: 5/5
  1816 | D:3      | Noticed a black bear
  1826 | D:3      | Killed a black bear
  1827 | D:3      | Reached skill level 6 in Maces & Flails
  1827 | D:3      | Reached XP level 6. HP: 25/62 MP: 6/6
  1995 | D:3      | Noticed Sigmund
  2000 | D:3      | Killed Sigmund
  2001 | D:3      | Reached skill level 7 in Maces & Flails
  2317 | D:3      | Reached XP level 7. HP: 66/70 MP: 7/7
  2335 | D:3      | HP: 2/70 [orc wizard/+0 dagger (3)]
  2336 | D:3      | Slain by an orc wizard

Illustrated notes

Levels and vault maps discovered:
D:1:      psy_arrival_radial01, layout_rooms, ebering_ecumenical_altar_mist,
          minmay_misc_feat_secret_circle, corexii_corridor_pit
D:2:      layout_loops_ring, basic_altar
D:3:      minmay_chambers_of_threes, layout_basic, uniq_sigmund

Skill      XL: |  1  2  3  4  5  6 |
---------------+-------------------+-----
Maces & Flails | 4 5 6 7 |  7.6
Fighting       | |  4.2
Dodging        | |  2.6

Action                     |  1- 3 |  4- 6 |  7- 9 || total
---------------------------+-------+-------+-------++-------
  Melee: Mace              |   117 |    16 |       ||   133
         Headbutt          |    11 |     5 |       ||    16
         Giant club        |       |    44 |    11 ||    55
  Throw: Boomerang         |     1 |       |       ||     1
         Stone             |       |     4 |       ||     4
 Invoke: Berserk           |       |     2 |       ||     2
    Use: Potion            |       |       |     1 ||     1
 Armour: Animal skin       |    83 |    58 |    17 ||   158
  Dodge: Dodged            |    68 |    44 |     5 ||   117

Table legend: (Time is in decaauts)
 A = Elapsed time spent in this place.
 B = Non-inter-level travel time spent in this place.
 C = Inter-level travel time spent in this place.
 D = Time resting spent in this place.
 E = Time spent auto-exploring this place.
 F = Levels seen in this place.
 G = Mean time per level.
                   A        B        C        D        E       F      G
               +--------+--------+--------+--------+--------+-----+--------+
         Total |   2380 |   2339 |     41 |      0 |   1902 |   3 |  793.3 |
       Dungeon |   2380 |   2339 |     41 |      0 |   1902 |   3 |  793.3 |
               +--------+--------+--------+--------+--------+-----+--------+

Top non-repeatable levels by time:
     D:1: 869 daAuts
     D:2: 771 daAuts
     D:3: 739 daAuts
